 Dungeon Crawl Stone Soup version 0.23-a0-449-g8e4cbf7 (webtiles) character file.

134 Lavandula the Sneak (level 5, -3/45 HPs)
             Began as a Naga Air Elementalist on Nov 22, 2018.
             Slain by an ogre
             ... wielding a +0 giant club
              (26 damage)
             ... on level 4 of the Dungeon.
             The game lasted 00:04:18 (801 turns).

Lavandula the Sneak (Naga Air Elementalist)          Turns: 801, Time: 00:04:18

Health: -3/45      AC:  2    Str: 11    XL:     5   Next: 17%
Magic:  1/9        EV: 10    Int: 16    God:
Gold:   59         SH:  6    Dex: 11    Spells: 3/9 levels left

rFire    . . .     SeeInvis +   g - +0 spear
rCold    . . .     Gourm    .   j - +2 buckler
rNeg     . . .     Faith    .   a - +0 robe
rPois    +         Spirit   .   (no helmet)
rElec    .         Reflect  .   (no cloak)
rCorr    .         Harm     .   (no gloves)
MR       .....                  (no barding)
Stlth    ++........             (no amulet)
HPRegen  0.15/turn              (no ring)
MPRegen  0.11/turn              (no ring)

@: very slightly contaminated, very slow
A: large, see invisible, deformed body, poison resistance, slowness 2, slow
metabolism 1, spit poison 1, AC +1
a: Spit Poison


You were on level 4 of the Dungeon.
You were not hungry.

You visited 2 branches of the dungeon, and saw 6 of its levels.

You collected 59 gold pieces.

Inventory:

Hand Weapons
 g - a +0 spear (weapon)
Armour
 a - a +0 robe (worn)
 j - a +2 buckler (worn)
Scrolls
 b - a scroll of enchant weapon {unknown}
 f - 3 scrolls of identify {unknown}
 i - 2 scrolls of teleportation {unknown}
 k - a scroll of magic mapping {unknown}
 l - a scroll of noise {unknown}
Potions
 d - a potion of degeneration {unknown}
 e - a potion of might {unknown}
 h - a potion of cancellation {unknown}
 m - 2 potions of magic {unknown}
Comestibles
 c - a ration
 n - a chunk of flesh


   Skills:
 - Level 2.2 Fighting
 - Level 1.5 Dodging
 - Level 3.0 Stealth
 - Level 2.5 Shields
 + Level 2.8 Spellcasting
 - Level 1.0 Conjurations
 - Level 3.0 Air Magic


You had 3 spell levels left.
You knew the following spells:

 Your Spells              Type           Power        Failure   Level  Hunger
a - Shock                 Conj/Air       #...         9%          1    #......
b - Swiftness             Chrm/Air       #.......     16%         2    ##.....
c - Static Discharge      Conj/Air       #.......     26%         3    ###....

Your spell library contained the following spells:

 Spells                   Type           Power        Failure   Level  Hunger
 Airstrike                Air            ##........   50%         4    #####..
 Lightning Bolt           Conj/Air       #.........   93%         5    ######.


Dungeon Overview and Level Annotations

Branches:
Dungeon (5/15)             Temple (1/1) D:4

Altars:
Ashenzari
Cheibriados
Dithmenos
Elyvilon
Gozag
Hepliaklqana
Kikubaaqudgha
Nemelex Xobeh
Okawaru
Qazlal
Sif Muna
Trog
Uskayaw
Vehumet
Wu Jian
Xom
Yredelemnul


Innate Abilities, Weirdness & Mutations

You cannot wear boots.
Your serpentine skin is tough. (AC +1)
You have supernaturally acute eyesight. (SInv)
Armour fits poorly on your strangely shaped body.
Your system is resistant to poisons. (rPois)
You cover ground very slowly.
You have a slow metabolism.
You can spit poison.


Message History

Press: ? - help, Shift-Dir - straight line You miscast Shock.
Nothing appears to happen.
Casting: Shock (safe; 9% risk of failure)
Confirm with . or Enter, or press ? or * to list all spells.
Aiming: Shock (safe; 9% risk of failure)
Press: ? - help, Shift-Dir - straight line The zap misses the ogre.
The zap hits the ogre.
The ogre is almost dead.
You have got your breath back.
The ogre barely misses you.
Casting: Shock (safe; 9% risk of failure)
Confirm with . or Enter, or press ? or * to list all spells.
Aiming: Shock (safe; 9% risk of failure)
Press: ? - help, Shift-Dir - straight line The zap hits the ogre.
The ogre is almost dead.
The zap misses the ogre.
The ogre hits you with a +0 giant club!!
Ouch! That really hurt!
You die...

.##.#......#######
##.....#.#........
......)...........
##....†#.#.#######
.................#
.l.###'#######.#
..#.....# #.# #.⌠.⌠.###
#.# +..>.÷'.###@##
#.⌠.⌠.#..#.#O###
#.....#...###..# #
###+###..#.#.#.##.##..#
#.#............#
#.#.####......... ..#.#
########## ####.# .#


You could see an ogre.

Vanquished Creatures
  A scorpion (D:4)
  2 hounds (D:4)
  An adder skeleton (D:4)
  A worm (D:1)
  2 dart slugs
  A leopard gecko (D:4)
  An orc (D:4)
  2 bats
  2 giant cockroaches (D:4)
  2 goblins (D:1)
  A hobgoblin (D:1)
  A frilled lizard (D:1)
  2 kobolds (D:3)
  3 rats
22 creatures vanquished.

Notes
Turn   | Place    | Note
-------+----------+-------------------------------------------
     0 | D:1      | Lavandula the Naga Air Elementalist began the quest for the
                  | Orb.
     0 | D:1      | Reached XP level 1. HP: 15/15 MP: 3/3
   155 | D:1      | Reached XP level 2. HP: 20/22 MP: 2/5
   423 | D:4      | Reached skill level 1 in Shields
   423 | D:4      | Reached XP level 3. HP: 27/28 MP: 2/7
   427 | D:4      | Learned a level 2 spell: Swiftness
   437 | D:5      | Entered Level 5 of the Dungeon
   454 | D:4      | Found a shadowy altar of Dithmenos.
   511 | D:4      | Reached XP level 4. HP: 26/36 MP: 4/8
   537 | D:4      | Found an ornate altar of the Wu Jian Council.
   542 | D:4      | Learned a level 3 spell: Static Discharge
   625 | D:4      | Found a staircase to the Ecumenical Temple.
   634 | Temple   | Entered the Ecumenical Temple
   774 | D:4      | Reached XP level 5. HP: 18/45 MP: 3/9
   789 | D:4      | Noticed an ogre
   801 | D:4      | Slain by an ogre

Vault maps used:
D:1:      dpeg_arrival_arbitrary_b
D:2:      tso_oasis_becter, makhleb_altar_promises_db, uniq_natasha
D:3:      kennysheep_generic_room_16
D:4:      old_standard_altar, grunt_dithmenos_smoke_and_mirrors,
          minmay_temple_entry_hall, goddamned_bats
D:5:      nicolae_ru_the_path_less_chosen, first_ration, serial_shops,
          nicolae_shop_behind_doors
Temple:   regret_index_temple_waves

Skill      XL: |  1  2  3  4 |
---------------+-------------+-----
Shields        | 1 2 |  2.5
Fighting       | 2 |  2.2
Dodging        | |  1.5
Stealth        | |  3.0
Spellcasting   | |  2.8
Conjurations   | |  1.0
Air Magic      | |  3.0

Action                   |  1- 3 |  4- 6 || total
-------------------------+-------+-------++-------
Melee: Unarmed           |     4 |       ||     4
       Spear             |     6 |       ||     6
 Cast: Shock             |    23 |    15 ||    38
 Abil: Spit Poison       |    19 |     5 ||    24
 Stab: Sleeping          |     1 |       ||     1
  Eat: Chunk             |       |     1 ||     1
Armor: Robe              |     4 |     1 ||     5
Dodge: Dodged            |    19 |     5 ||    24
Block: Buckler           |       |     1 ||     1

Table legend:
 A = Non-vault XP
 B = Vault XP
 C = Vault XP percentage of total XP
 D = Non-vault monster count
 E = Vault monster count
 F = Vault count percentage of total count
                 A         B        C        D         E       F
            +---------+---------+-------+---------+---------+-------
      Total |     192 |       0 |   0.0 |      22 |       0 |   0.0
            +---------+---------+-------+---------+---------+-------
        D:1 |      16 |       0 |   0.0 |       8 |       0 |   0.0
        D:2 |       2 |       0 |   0.0 |       2 |       0 |   0.0
        D:3 |       7 |       0 |   0.0 |       3 |       0 |   0.0
        D:4 |     167 |       0 |   0.0 |       9 |       0 |   0.0
            +---------+---------+-------+---------+---------+-------
